Map: [ESL] Ghost River

Players

Serral - Winner!

  • Race: Zerg Zerg
  • Spawn Location: 1:00

Maru

  • Race: Terran Terran
  • Spawn Location: 11:00

Event: ESL Spring 2024 Finals

VOD

Have the link to the VOD?

Description

Time

  • Played on: June 2, 2024, 4:14 p.m.
  • Length: 10:57

All games in this series

Show
View Real Time Build Order
Export as new Build Order

Serral Zerg - Winner!

Build Orders: Hatch First 

Get SALT Encoding   

  12  0:00  Drone  
  13  0:08  Drone  
  14  0:14  Extractor  
  14  0:15  Drone  
  15  0:36  Hatchery  
  15  0:41  Extractor, Drone  
  15  0:47  Overlord  
  15  1:02  Spawning Pool  
  14  1:05  Drone  
  14  1:08  Drone  
  16  1:12  Drone  
  16  1:16  Drone  
  18  1:27  Drone  
  19  1:38  Drone  
  20  1:48  Queen x2  
  20  1:49  Zergling x2  
  20  1:51  Overlord  
  25  1:59  Drone x2  
  27  2:09  Drone  
  27  2:10  Drone  
  29  2:22  Drone x2  
  31  2:24  Queen x2  
  35  2:31  Drone, Overlord  
  36  2:46  Hatchery  
  36  2:47  Drone  
  36  2:48  Extractor  
  36  2:49  Drone  
  35  2:54  Drone x2  
  35  2:58  Drone x3  
  40  3:03  Drone x3  
  43  3:06  Overlord  
  43  3:10  Drone  
  44  3:16  Roach Warren  
  44  3:18  Drone  
  44  3:23  Extractor  
  44  3:24  Drone  
  44  3:26  Drone  
  45  3:30  Drone x5  
  45  3:33  Drone x2  
  52  3:40  Overlord  
  52  3:45  Overlord  
  52  3:51  Overlord  
  52  4:00  Roach x6  
  65  4:02  Drone  
  65  4:03  Drone x2  
  65  4:07  Queen  
  65  4:09  Drone  
  71  4:10  Drone  
  71  4:17  Overlord  
  71  4:20  Drone  
  71  4:22  Drone  
  69  4:26  Drone  
  67  4:31  Drone x2  
  67  4:33  Drone x6  
  67  4:38  Lair  
  75  4:39  Drone  
  75  4:43  Drone x2  
  78  4:49  Drone  
  78  4:50  Spore Crawler  
  78  4:52  Drone  
  79  4:55  Spore Crawler  
  79  4:58  Spore Crawler  
  77  5:00  Drone x2  
  77  5:01  Hatchery  
  77  5:03  Drone  
  77  5:05  Drone x4  
  83  5:09  Evolution Chamber  
  83  5:10  Evolution Chamber  
  83  5:13  Drone x3  
  84  5:16  Drone x3  
  84  5:20  Extractor, Overlord  
  84  5:21  Extractor  
  85  5:22  Drone x2  
  85  5:24  Drone  
  85  5:27  Queen  
  90  5:29  Extractor x2  
  90  5:30  Overlord  
  90  5:35  Roach  
  90  5:36  Overseer  
  90  5:37  Overlord  
  90  5:39  Zerg Missile Weapons Level 1  
  90  5:41  Zerg Ground Armor Level 1  
  90  5:45  Drone x4  
  94  5:51  Drone x3  
  94  5:52  Drone  
  94  5:53  Infestation Pit, Drone  
  94  5:55  Drone x2  
  94  5:56  Drone  
  101  6:01  Drone  
  101  6:03  Glial Reconstitution  
  102  6:06  Drone x2  
  102  6:09  Overlord  
  102  6:11  Drone x3  
  107  6:12  Overseer  
  107  6:15  Extractor  
  107  6:17  Extractor  
  105  6:18  Queen  
  105  6:20  Overlord  
  105  6:24  Roach  
  105  6:25  Roach x2  
  113  6:31  Roach x4  
  121  6:34  Overlord  
  121  6:36  Hive  
  121  6:38  Metabolic Boost  
  121  6:46  Roach x3  
  129  6:51  Infestor x2  
  129  6:53  Overlord x3  
  131  6:58  Zergling x4  
  131  6:59  Zergling x8  
  137  7:06  Drone  
  138  7:13  Zergling x16  
  146  7:17  Overlord  
  146  7:18  Overlord  
  142  7:27  Drone x5  
  142  7:29  Zergling x2  
  150  7:30  Zergling x6  
  150  7:35  Zerg Melee Weapons Level 1, Ravager x3  
  151  7:37  Zerg Ground Armor Level 2  
  151  7:39  Ravager x3  
  151  7:42  Drone x2  
  155  7:44  Spore Crawler  
  153  7:52  Zergling x20  
  153  7:53  Ultralisk Cavern  
  163  8:02  Hatchery, Overlord  
  163  8:03  Overlord x3  
  162  8:06  Drone  
  163  8:15  Adrenal Glands  
  163  8:24  Hatchery  
  162  8:40  Ultralisk x2, Chitinous Plating  
  174  8:42  Ultralisk  
  174  8:43  Ultralisk x2  
  192  8:53  Ultralisk  
  198  8:57  Spore Crawler x4  
  198  9:01  Ultralisk  
  200  9:05  Baneling Nest  
  201  9:29  Pneumatized Carapace  
  201  9:43  Overseer  
  199  9:59  Anabolic Synthesis  
  176  10:05  Ultralisk x2, Zergling x26  
  182  10:11  Ultralisk x2, Zergling x10  
  196  10:17  Zergling x2, Overlord  
  196  10:18  Zergling x22  
  194  10:22  Overlord  
  194  10:28  Zergling x10  
  196  10:33  Overlord  
Show
View Real Time Build Order
Export as new Build Order

Maru Terran 

Build Orders: Reaper Expand, Hellion Banshee 

Get SALT Encoding   

  12  0:00  SCV  
  13  0:12  SCV  
  14  0:17  Supply Depot  
  14  0:24  SCV  
  15  0:38  SCV  
  15  0:39  Barracks  
  15  0:42  Refinery  
  16  0:51  SCV  
  17  1:03  SCV  
  18  1:15  SCV  
  19  1:26  Reaper  
  19  1:27  Orbital Command  
  20  1:38  Command Center  
  20  1:48  Supply Depot  
  20  1:52  SCV  
  21  1:58  Marine  
  22  2:04  SCV  
  23  2:12  Factory  
  23  2:16  SCV  
  23  2:20  Barracks Reactor  
  24  2:29  SCV  
  25  2:36  Command Center  
  25  2:41  SCV  
  26  2:53  SCV  
  27  2:59  Orbital Command  
  27  3:04  Starport  
  27  3:06  SCV  
  27  3:10  Refinery  
  30  3:12  Hellion  
  30  3:16  Hellion  
  30  3:18  Barracks Tech Lab  
  32  3:20  SCV  
  32  3:25  SCV  
  34  3:33  SCV  
  35  3:37  SCV, Hellion x2  
  40  3:45  SCV  
  40  3:46  Marine, Banshee  
  45  3:51  Orbital Command  
  45  3:53  SCV  
  46  3:59  Cloaking Field  
  46  4:02  Hellion x2  
  50  4:03  SCV  
  50  4:05  SCV  
  50  4:08  Barracks Tech Lab  
  52  4:10  Supply Depot  
  52  4:15  SCV  
  53  4:17  SCV  
  53  4:18  SCV  
  53  4:23  Hellion  
  54  4:33  Banshee  
  54  4:35  Marine  
  54  4:36  SCV x3  
  57  4:43  Engineering Bay  
  57  4:44  Engineering Bay  
  55  4:47  Barracks  
  55  4:48  SCV, Barracks  
  55  4:51  Stimpack  
  55  4:52  SCV x2  
  58  5:00  SCV  
  58  5:01  Marine  
  58  5:02  Factory Reactor, Refinery  
  58  5:03  Orbital Command  
  58  5:04  SCV  
  61  5:10  Barracks  
  61  5:11  Barracks  
  61  5:12  SCV  
  62  5:16  SCV  
  62  5:17  Refinery  
  62  5:18  Marine  
  64  5:22  Terran Infantry Weapons Level 1  
  64  5:25  Terran Infantry Armor Level 1  
  64  5:26  SCV  
  65  5:29  SCV  
  65  5:31  SCV  
  65  5:35  Starport Reactor  
  67  5:36  Marine x2  
  67  5:37  Supply Depot  
  67  5:38  Supply Depot  
  67  5:39  SCV  
  67  5:41  SCV  
  71  5:44  SCV, Supply Depot  
  71  5:45  Supply Depot  
  68  5:53  Marine x3  
  68  5:54  Siege Tank, Marine  
  75  6:00  Barracks Reactor  
  75  6:01  Barracks Reactor  
  75  6:02  SCV  
  75  6:03  SCV  
  75  6:04  SCV  
  78  6:09  Supply Depot  
  78  6:12  Marine x4  
  78  6:13  Marine  
  78  6:15  SCV  
  78  6:16  SCV x2  
  86  6:25  Medivac x2  
  90  6:27  SCV  
  90  6:28  SCV x2  
  90  6:29  Marine  
  90  6:30  Marine  
  90  6:32  Marine x2  
  95  6:33  Marine  
  95  6:39  SCV  
  99  6:40  SCV x2, Siege Tank, Marine x2  
  99  6:41  Marine x2, Supply Depot  
  99  6:44  Supply Depot  
  108  6:49  Combat Shield  
  108  6:50  Marine x2  
  108  6:51  SCV, Marine x3  
  108  6:52  SCV  
  115  6:55  Refinery  
  115  6:56  Supply Depot  
  115  6:58  Supply Depot  
  115  7:02  SCV  
  115  7:07  Medivac  
  115  7:08  Medivac  
  120  7:09  Marine x5  
  120  7:14  Refinery  
  120  7:15  Marine  
  126  7:19  Marine  
  127  7:25  Marine x2  
  127  7:26  Siege Tank  
  127  7:27  Marine x4  
  133  7:31  Command Center  
  133  7:37  SCV, Medivac  
  133  7:38  SCV x2  
  133  7:41  Factory, Marine x2  
  133  7:42  Marine, Medivac  
  143  7:49  SCV  
  143  7:50  SCV x2  
  146  7:53  Supply Depot  
  146  7:54  Supply Depot  
  146  7:57  Missile Turret  
  146  7:59  Barracks  
  146  8:00  Barracks x2  
  146  8:01  SCV, Siege Tank  
  146  8:02  SCV  
  149  8:07  Armory  
  149  8:15  Medivac x2  
  149  8:17  Supply Depot  
  153  8:21  Supply Depot  
  153  8:23  SCV x2  
  153  8:24  SCV  
  153  8:25  Factory Tech Lab  
  153  8:35  SCV  
  153  8:36  SCV x2  
  153  8:37  Siege Tank  
  159  8:45  Viking  
  163  8:48  Sensor Tower  
  163  8:50  Barracks Tech Lab x2  
  163  8:51  Barracks Tech Lab  
  163  8:53  Siege Tank  
  163  8:54  Marine  
  163  8:55  Marauder  
  169  8:59  Viking  
  169  9:00  Ghost Academy  
  169  9:05  SCV x2  
  169  9:07  Marine x3  
  174  9:11  Command Center  
  174  9:14  SCV  
  174  9:16  Marauder  
  177  9:21  Marauder x2  
  177  9:23  Supply Depot  
  181  9:27  Planetary Fortress  
  181  9:34  Ghost  
  181  9:37  Command Center, Refinery  
  181  9:38  Refinery, Marauder  
  185  9:44  Siege Tank  
  188  9:57  Ghost x2  
  188  9:58  Marine x2  
  189  10:04  Siege Tank  
  149  10:17  Siege Tank, Ghost  
  149  10:18  Marine x2  
  149  10:19  Marine x3, Marauder  
  134  10:28  Marine, Marauder x2  
  117  10:36  Marine x2  
  117  10:37  Marine  
  116  10:49  Supply Depot  
Tags
 
Add a new tag
Caveats
  • Supply blocks, unpowered buildings, or Contaminate may cause inaccurate times.
  • Supply counts are checked every 10 seconds.